TOP OF THE 1ST |
San Jose Missions batting - Pitching for Vancouver Vipers : RHP Gustavo Ramos
|
Pitching: RHP Gustavo Ramos
|
|
Batting: RHB Goro Tanabe
|
0-0: Fly out, F9 (Flyball, 9M)
|
Batting: LHB Mel Jones
|
0-0: Called Strike 0-1: Foul Ball, location: 2F 0-2: Ball 1-2: Fly out, F7 (Flyball, 78D)
|
Batting: RHB Ed Starr
|
0-0: Ball 1-0: Ball 2-0: Foul Ball, location: 2F 2-1: Ball 3-1: Called Strike 3-2: SINGLE (Line Drive, 6D)
|
Batting: LHB Miguel Montés
|
0-0: Ground out 4-3 (Groundball, 4)
|
Top of the 1st over - 0 run(s), 1 hit(s), 0 error(s), 1 left on base; San Jose 0 - Vancouver 0 |
BOTTOM OF THE 1ST |
Vancouver Vipers batting - Pitching for San Jose Missions : RHP Danny Wheeler
|
Pitching: RHP Danny Wheeler
|
|
Batting: LHB Mike Williams
|
0-0: Called Strike 0-1: Ball 1-1: Ball 2-1: Ball 3-1: Base on Balls
|
Batting: RHB Kel Pierce
|
0-0: Ball 1-0: Ball Throwing error on steal attempt, E2 Mike Williams to third 2-0: Called Strike 2-1: Swinging Strike 2-2: Strikes out swinging
|
Batting: SHB Henry Copeland
|
0-0: Ball 1-0: Called Strike 1-1: 2-RUN HOME RUN (Flyball, 89XD), Distance : 405 ft
|
Batting: RHB Arthur Dumais
|
0-0: Called Strike 0-1: Ground out 5-3 (Groundball, 56)
|
Batting: RHB Pedro Fuentes
|
0-0: Called Strike 0-1: Ball 1-1: Ball 2-1: Called Strike 2-2: Ground out 6-3 (Groundball, 6M)
|
Bottom of the 1st over - 2 run(s), 1 hit(s), 1 error(s), 0 left on base; San Jose 0 - Vancouver 2 |
TOP OF THE 2ND |
San Jose Missions batting - Pitching for Vancouver Vipers : RHP Gustavo Ramos
|
Batting: LHB Raúl García
|
0-0: Foul Ball, location: 2F 0-1: Fly out, F7 (Popup, 56D)
|
Batting: RHB Mike Gordon
|
0-0: Called Strike 0-1: Foul Ball, location: 2F 0-2: Ball 1-2: Foul Ball, location: 2F 1-2: Foul Ball, location: 2F 1-2: Strikes out swinging
|
Batting: LHB Aurelio Dispina
|
0-0: Ball 1-0: Foul Ball, location: 2F 1-1: Ball 2-1: Ball 3-1: Base on Balls
|
Batting: RHB Edgar Wilson
|
0-0: Called Strike 0-1: Ball 1-1: Ball 2-1: Foul Ball, location: 2F 2-2: Strikes out swinging
|
Top of the 2nd over - 0 run(s), 0 hit(s), 0 error(s), 1 left on base; San Jose 0 - Vancouver 2 |
BOTTOM OF THE 2ND |
Vancouver Vipers batting - Pitching for San Jose Missions : RHP Danny Wheeler
|
Batting: RHB Tomás Ovies
|
0-0: Foul Ball, location: 2F 0-1: SINGLE (Line Drive, 4M)
|
Batting: LHB Javier Matos
|
0-0: Ball 1-0: Reached on error, E6 (Groundball, 6M) Tomás Ovies to second
|
Batting: LHB Malcolm Thomas
|
0-0: Ball 1-0: Ball 2-0: Ball 3-0: Called Strike 3-1: Foul Ball, location: 2F 3-2: Foul Ball, location: 2F 3-2: Foul Ball, location: 2F 3-2: Base on Balls Tomás Ovies to third Javier Matos to second
|
Batting: RHB Kenneth Corbitt
|
0-0: Ball 1-0: Called Strike 1-1: Ball 2-1: Foul Ball, location: 2F 2-2: Foul Ball, location: 2F 2-2: Fly out, F4 (Popup, 89S)
|
Batting: LHB Mike Williams
|
0-0: Fly out, F7 (Flyball, 6MD) Runner from 3rd tags up, SCORES, no throw
|
Batting: RHB Kel Pierce
|
0-0: Called Strike 0-1: Ball 1-1: Ground out 5-3 (Groundball, 5)
|
Bottom of the 2nd over - 1 run(s), 1 hit(s), 1 error(s), 2 left on base; San Jose 0 - Vancouver 3 |
TOP OF THE 3RD |
San Jose Missions batting - Pitching for Vancouver Vipers : RHP Gustavo Ramos
|
Batting: RHB Stéphane Lambert
|
0-0: Ball 1-0: Foul Ball, location: 2F 1-1: Called Strike 1-2: SINGLE (Flyball, 78M)
|
Batting: RHB Goro Tanabe
|
0-0: Called Strike 0-1: SINGLE (Line Drive, 5D) Stéphane Lambert to second
|
Batting: LHB Mel Jones
|
0-0: Ball 1-0: Ball 2-0: Called Strike 2-1: Fly out, F7 (Popup, 56D)
|
Batting: RHB Ed Starr
|
0-0: Ball 1-0: Called Strike 1-1: Called Strike 1-2: Ball 2-2: Ball 3-2: Strikes out swinging
|
Batting: LHB Miguel Montés
|
0-0: Foul Ball, location: 2F 0-1: Ball 1-1: Ball 2-1: Swinging Strike 2-2: Strikes out swinging
|
Top of the 3rd over - 0 run(s), 2 hit(s), 0 error(s), 2 left on base; San Jose 0 - Vancouver 3 |
BOTTOM OF THE 3RD |
Vancouver Vipers batting - Pitching for San Jose Missions : RHP Danny Wheeler
|
Batting: SHB Henry Copeland
|
0-0: Ball 1-0: Fly out, F8 (Flyball, 8RD)
|
Batting: RHB Arthur Dumais
|
0-0: Ball 1-0: Called Strike 1-1: Ground out U3 (Groundball, 3)
|
Batting: RHB Pedro Fuentes
|
0-0: Ball 1-0: Ground out 5-3 (Groundball, 5)
|
Bottom of the 3rd over - 0 run(s), 0 hit(s), 0 error(s), 0 left on base; San Jose 0 - Vancouver 3 |
TOP OF THE 4TH |
San Jose Missions batting - Pitching for Vancouver Vipers : RHP Gustavo Ramos
|
Batting: LHB Raúl García
|
0-0: Fly out, F6 (Popup, 6D)
|
Batting: RHB Mike Gordon
|
0-0: Ball 1-0: Ball 2-0: Swinging Strike 2-1: Foul Ball, location: 2F 2-2: Strikes out swinging
|
Batting: LHB Aurelio Dispina
|
0-0: Called Strike 0-1: Called Strike 0-2: Ball 1-2: Strikes out looking
|
Top of the 4th over - 0 run(s), 0 hit(s), 0 error(s), 0 left on base; San Jose 0 - Vancouver 3 |
BOTTOM OF THE 4TH |
Vancouver Vipers batting - Pitching for San Jose Missions : RHP Danny Wheeler
|
Batting: RHB Tomás Ovies
|
0-0: Ball 1-0: Called Strike 1-1: Ball 2-1: Ball 3-1: Ground out 6-3 (Groundball, 6MS)
|
Batting: LHB Javier Matos
|
0-0: Ball 1-0: Called Strike 1-1: Foul Ball, location: 2F 1-2: Fly out, F9 (Popup, 89S)
|
Batting: LHB Malcolm Thomas
|
0-0: Called Strike 0-1: Ball 1-1: Fly out, F3 (Popup, 13)
|
Bottom of the 4th over - 0 run(s), 0 hit(s), 0 error(s), 0 left on base; San Jose 0 - Vancouver 3 |
TOP OF THE 5TH |
San Jose Missions batting - Pitching for Vancouver Vipers : RHP Gustavo Ramos
|
Batting: RHB Edgar Wilson
|
0-0: Foul Ball, location: 2F 0-1: Called Strike 0-2: Foul Ball, location: 2F 0-2: Ball 1-2: Ball 2-2: Foul Ball, location: 2F 2-2: SINGLE (Groundball, 56)
|
Batting: RHB Stéphane Lambert
|
0-0: Ball 1-0: Ball 2-0: Called Strike 2-1: Called Strike 2-2: Ball 3-2: Strikes out swinging
|
Batting: RHB Goro Tanabe
|
0-0: Ball 1-0: Called Strike 1-1: Called Strike 1-2: Ball 2-2: SINGLE (Line Drive, 78M) Edgar Wilson to second
|
Batting: LHB Mel Jones
|
0-0: Called Strike 0-1: Hit by Pitch Edgar Wilson to third Goro Tanabe to second
|
Batting: RHB Ed Starr
|
0-0: Foul Ball, location: 2F 0-1: Ball 1-1: Ball 2-1: Called Strike 2-2: Foul Ball, location: 2F 2-2: Fly out, F9 (Flyball, 9LM) Runner from 3rd tags up, SCORES, throw made
|
Batting: LHB Miguel Montés
|
0-0: Ball 1-0: Ball 2-0: Fielders Choice at 2nd, U4 (Groundball, 4M)
|
Top of the 5th over - 1 run(s), 2 hit(s), 0 error(s), 2 left on base; San Jose 1 - Vancouver 3 |
BOTTOM OF THE 5TH |
Vancouver Vipers batting - Pitching for San Jose Missions : RHP Danny Wheeler
|
Batting: RHB Kenneth Corbitt
|
0-0: Ball 1-0: Foul Ball, location: 2F 1-1: Ball 2-1: Ball 3-1: Foul Ball, location: 2F 3-2: SINGLE (Groundball, 3D)
|
Batting: LHB Mike Williams
|
0-0: Ball 1-0: Ball 2-0: Ball 3-0: Base on Balls Kenneth Corbitt to second
|
Batting: RHB Kel Pierce
|
0-0: Ball 1-0: Ball 2-0: Grounds into double play, 1-4-3 (Groundball, 15) Kenneth Corbitt to third
|
Batting: SHB Henry Copeland
|
0-0: Fly out, F5 (Popup, 56)
|
Bottom of the 5th over - 0 run(s), 1 hit(s), 0 error(s), 1 left on base; San Jose 1 - Vancouver 3 |
TOP OF THE 6TH |
San Jose Missions batting - Pitching for Vancouver Vipers : RHP Gustavo Ramos
|
Pitching: LHP Kai-ge Hui
|
|
Batting: LHB Raúl García
|
0-0: Called Strike 0-1: Foul Ball, location: 2F 0-2: Ball 1-2: Foul Ball, location: 2F 1-2: Strikes out looking
|
Batting: RHB Mike Gordon
|
0-0: Reached on error, E4 (Groundball, 4)
|
Pitching: LHP Jack Taylor
|
|
Batting: LHB Aurelio Dispina
|
0-0: Called Strike 0-1: Foul Ball, location: 2F 0-2: Foul Ball, location: 2F 0-2: SINGLE (Line Drive, 89M) Mike Gordon to third
|
Batting: RHB Edgar Wilson
|
0-0: Called Strike 0-1: Swinging Strike 0-2: Strikes out swinging
|
Batting: RHB Stéphane Lambert
|
0-0: Foul Ball, location: 2F 0-1: Ball 1-1: Foul Ball, location: 2F 1-2: Strikes out swinging
|
Top of the 6th over - 0 run(s), 1 hit(s), 1 error(s), 2 left on base; San Jose 1 - Vancouver 3 |
BOTTOM OF THE 6TH |
Vancouver Vipers batting - Pitching for San Jose Missions : RHP Danny Wheeler
|
Batting: RHB Arthur Dumais
|
0-0: Ball 1-0: Foul Ball, location: 2F 1-1: Ball 2-1: Ground out 4-3 (Groundball, 4)
|
Batting: RHB Pedro Fuentes
|
0-0: Ball 1-0: Called Strike 1-1: Foul Ball, location: 2F 1-2: Foul Ball, location: 2F 1-2: Ball 2-2: SINGLE (Flyball, 78S)
|
Pitching: RHP Gabriel Moore
|
|
Batting: RHB Tomás Ovies
|
0-0: Grounds into double play, 6-4-3 (Groundball, 6)
|
Bottom of the 6th over - 0 run(s), 1 hit(s), 0 error(s), 0 left on base; San Jose 1 - Vancouver 3 |
TOP OF THE 7TH |
San Jose Missions batting - Pitching for Vancouver Vipers : LHP Jack Taylor
|
Batting: RHB Goro Tanabe
|
0-0: Ball 1-0: Foul Ball, location: 2F 1-1: Foul Ball, location: 2F 1-2: SINGLE (Line Drive, 7S)
|
Pitching: LHP Francisco Flores
|
|
Batting: LHB Mel Jones
|
0-0: Bunted foul 0-1: Bunt missed! 0-2: Ball 1-2: Ball 2-2: Ball 3-2: Fly out, F6 (Popup, 6MD)
|
Batting: RHB Ed Starr
|
0-0: Foul Ball, location: 2F 0-1: Called Strike 0-2: Ball 1-2: Ball 2-2: Strikes out swinging
|
Batting: LHB Miguel Montés
|
0-0: Ball 1-0: Ground out U3 (Groundball, 3L)
|
Top of the 7th over - 0 run(s), 1 hit(s), 0 error(s), 1 left on base; San Jose 1 - Vancouver 3 |
BOTTOM OF THE 7TH |
Vancouver Vipers batting - Pitching for San Jose Missions : RHP Gabriel Moore
|
Pitching: RHP Anthony Jones
|
|
Batting: LHB Javier Matos
|
0-0: Ball 1-0: Called Strike 1-1: Foul Ball, location: 2F 1-2: Ball 2-2: Fly out, F7 (Flyball, 78M)
|
Pitching: RHP Oliver Meléndez
|
|
Batting: LHB Malcolm Thomas
|
0-0: Swinging Strike 0-1: Ball 1-1: Swinging Strike 1-2: Foul Ball, location: 2F 1-2: SINGLE (Line Drive, 8RS)
|
Batting: RHB Kenneth Corbitt
|
0-0: Swinging Strike 0-1: Ball 1-1: Foul Ball, location: 2F 1-2: Ball 2-2: Foul Ball, location: 2F 2-2: Reached on error, E3 (Groundball, 3S) Malcolm Thomas to second
|
Pinch Hitting: RHB Howard Lane
|
0-0: Called Strike 0-1: Ball 1-1: Ball 2-1: Foul Ball, location: 2F 2-2: Ball 3-2: Base on Balls Malcolm Thomas to third Kenneth Corbitt to second
|
Pinch Hitting: RHB Dan Tyler
|
0-0: Foul Ball, location: 2F 0-1: Ball 1-1: Foul Ball, location: 2F 1-2: Fly out, F9 (Popup, 34D)
|
Batting: SHB Henry Copeland
|
0-0: Ball 1-0: Ball 2-0: Called Strike 2-1: SINGLE (Groundball, 4MD) Malcolm Thomas scores Kenneth Corbitt to third Howard Lane to second Runner from 3rd tries for Home, SAFE, no throw or cutoff
|
Batting: RHB Arthur Dumais
|
0-0: Called Strike 0-1: SINGLE (Line Drive, 6D) Howard Lane to third Henry Copeland to second Runner from 3rd tries for Home, SAFE, no throw or cutoff
|
Batting: RHB Pedro Fuentes
|
0-0: Fly out, F7 (Line Drive, 7M)
|
Bottom of the 7th over - 3 run(s), 3 hit(s), 1 error(s), 2 left on base; San Jose 1 - Vancouver 6 |
TOP OF THE 8TH |
San Jose Missions batting - Pitching for Vancouver Vipers : LHP Francisco Flores
|
Pitching: LHP Bill Wilson
|
|
Now at 2B: Cipriano Miranda
|
|
Now in LF: Ray Spencer
|
|
Now in CF: Dan Tyler
|
|
Batting: LHB Raúl García
|
0-0: Ball 1-0: Ball 2-0: Ball 3-0: Base on Balls
|
Batting: RHB Mike Gordon
|
0-0: Called Strike 0-1: Ball 1-1: Swinging Strike 1-2: Strikes out swinging
|
Batting: LHB Aurelio Dispina
|
0-0: SINGLE (Groundball, 4S) Raúl García to second Runner from 2nd tries for 3rd, SAFE, throw made to third
|
Batting: RHB Edgar Wilson
|
0-0: Ball 1-0: Swinging Strike 1-1: Foul Ball, location: 2F 1-2: DOUBLE (Groundball, 5L) Raúl García scores Aurelio Dispina to third Runner from 3rd tries for Home, SAFE, throw made home
|
Pitching: RHP Tyler Kirkland
|
|
Batting: RHB Stéphane Lambert
|
0-0: Called Strike 0-1: Called Strike 0-2: Ball 1-2: Ball 2-2: Ground out 6-3 (Groundball, 6)
|
Batting: RHB Goro Tanabe
|
0-0: Called Strike 0-1: Foul Ball, location: 2F 0-2: Ground out 5-3 (Groundball, 5)
|
Top of the 8th over - 2 run(s), 2 hit(s), 0 error(s), 1 left on base; San Jose 3 - Vancouver 6 |
BOTTOM OF THE 8TH |
Vancouver Vipers batting - Pitching for San Jose Missions : RHP Oliver Meléndez
|
Batting: RHB Tomás Ovies
|
0-0: Ball 1-0: Swinging Strike 1-1: Ball 2-1: Swinging Strike 2-2: Ball 3-2: Base on Balls
|
Batting: LHB Javier Matos
|
0-0: Ball 1-0: Sac Bunt - play at first, batter OUT! 1-4 Tomás Ovies to second
|
Batting: LHB Malcolm Thomas
|
0-0: Intentional Walk
|
Batting: RHB Kenneth Corbitt
|
0-0: Ball 1-0: Called Strike 1-1: Ball 2-1: Ball Balk! Tomás Ovies to third Malcolm Thomas to second 3-1: Ground out 6-3 (Groundball, 6S)
|
Batting: LHB Cipriano Miranda
|
0-0: Swinging Strike 0-1: Ball 1-1: SINGLE (Groundball, 4MD) Tomás Ovies scores Malcolm Thomas to third Runner from 3rd tries for Home, SAFE, no throw or cutoff
|
Batting: RHB Dan Tyler
|
0-0: Ball 1-0: Swinging Strike 1-1: Ground out 4-3 (Groundball, 4)
|
Bottom of the 8th over - 2 run(s), 1 hit(s), 0 error(s), 1 left on base; San Jose 3 - Vancouver 8 |
TOP OF THE 9TH |
San Jose Missions batting - Pitching for Vancouver Vipers : RHP Tyler Kirkland
|
Batting: LHB Mel Jones
|
0-0: Ball 1-0: Foul Ball, location: 2F 1-1: Foul Ball, location: 2F 1-2: Ball 2-2: Ground out 6-3 (Groundball, 6M)
|
Batting: RHB Ed Starr
|
0-0: Foul Ball, location: 2F 0-1: Ball 1-1: Swinging Strike 1-2: Strikes out swinging
|
Batting: LHB Miguel Montés
|
0-0: Ground out 4-3 (Groundball, 4)
|
Top of the 9th over - 0 run(s), 0 hit(s), 0 error(s), 0 left on base; San Jose 3 - Vancouver 8 |
|